[Event "Team 45 45 League T48"]
[Site "Internet Chess Club"]
[Date "2011.03.22"]
[Round "6"]
[White "DARKwizard1"]
[Black "Guoruey"]
[Result "1/2-1/2"]
[WhiteElo "2000"]
[BlackElo "1942"]
[Opening "Sicilian: Keres variation (2.Ne2)"]
[ECO "B20"]
[Time "18:33:50"]
[TimeControl "2700+45"]

1. e4 c5 2. Ne2 d6 3. g3 Nf6 4. Bg2 Nc6 5. Nbc3 g6 6. O-O Bg7 7. h3 O-O 8. d4
cxd4 9. Nxd4 Nxe4 10. Nxc6 Nxc3 11. Nxd8 Nxd1 12. Nxb7 Bxb7 13. Rxd1 Rab8 14. c3
{Game drawn by mutual agreement} 1/2-1/2

[Event "Team 45 45 League T48"]
[Site "Internet Chess Club"]
[Date "2011.03.22"]
[Round "6"]
[White "badmove"]
[Black "kidviper"]
[Result "0-1"]
[WhiteElo "1732"]
[BlackElo "1945"]
[Opening "Catalan opening"]
[ECO "E00"]
[Time "16:04:48"]
[TimeControl "2700+45"]

1. d4 Nf6 2. c4 e6 3. g3 Bb4+ 4. Bd2 Qe7 5. Bg2 O-O 6. Nf3 d5 7. Qc2 Nbd7 8. a3
Bxd2+ 9. Nbxd2 c5 10. O-O b6 11. Rfe1 Ba6 12. cxd5 Nxd5 13. e4 N5f6 14. dxc5
Nxc5 15. b4 Ncd7 16. Ng5 e5 17. Rac1 Rfd8 18. Qa4 Nb8 19. Qc2 Bb7 20. Qb2 Nc6
21. f3 Rd7 22. Qc3 h6 23. Nh3 Nd4 24. Bf1 Rad8 25. Rcd1 Nxf3+ 26. Qxf3 Rxd2 27.
Rxd2 Rxd2 28. Nf2 Qd6 29. Bd3 Qd4 30. Re2 Rxe2 31. Qxe2 Qa1+ 32. Kg2 Qxa3 33.
Bc4 Qxb4 34. Qc2 a5 35. Qd3 Qe7 36. Bb5 Bc8 37. Qe3 Qd6 38. Qc3 Bb7 39. Qc2 Nd7
40. Be2 Nc5 41. Bf3 Qd4 42. Qb1 Ne6 43. Qxb6 Qxb6 {White resigns} 0-1

[Event "Team 45 45 League T48"]
[Site "Internet Chess Club"]
[Date "2011.03.20"]
[Round "6"]
[White "SlimeDog2"]
[Black "cacheboy"]
[Result "0-1"]
[WhiteElo "2053"]
[BlackElo "2337"]
[Opening "Neo-Grünfeld, 6.cd Nxd5, 7.O-O"]
[ECO "D74"]
[Time "20:06:04"]
[TimeControl "2700+45"]

1. d4 Nf6 2. c4 g6 3. Nf3 Bg7 4. g3 O-O 5. Bg2 d5 6. cxd5 Nxd5 7. O-O Nc6 8. e4
Nb6 9. d5 Na5 10. Nc3 c6 11. Bf4 cxd5 12. exd5 Nac4 13. Qe2 Nxb2 14. Qxb2 Na4
15. Nxa4 Bxb2 16. Nxb2 Qxd5 17. Rfd1 Qb5 18. Nd3 Qa6 19. Nc5 Qa3 20. Be3 b6 21.
Ne5 Bf5 22. Bxa8 Rxa8 23. Nb3 f6 24. Nc4 Qa6 25. Nb2 Rc8 26. Nd4 Bh3 27. Nd3 e5
28. Nb3 Rd8 29. Nb4 Rxd1+ 30. Rxd1 Qe2 {White resigns} 0-1

[Event "Team 45 45 League T48"]
[Site "Internet Chess Club"]
[Date "2011.03.17"]
[Round "6"]
[White "Mat55"]
[Black "chsrules88"]
[Result "1-0"]
[WhiteElo "1958"]
[BlackElo "2038"]
[Opening "Ruy Lopez: Schliemann defense"]
[ECO "C63"]
[Time "20:16:17"]
[TimeControl "2700+45"]

1. e4 e5 2. Nf3 Nc6 3. Bb5 f5 4. d3 fxe4 5. dxe4 Nf6 6. O-O Bc5 7. Nc3 d6 8. Bg5
a6 9. Bc4 Bg4 10. Nd5 Nd4 11. c3 Nxf3+ 12. gxf3 Bh3 13. b4 Bxf1 14. Kxf1 Ba7 15.
f4 h5 16. fxe5 dxe5 17. Nxf6+ gxf6 18. Qf3 Qd7 19. Qxf6 Qh3+ 20. Kg1 Bxf2+ 21.
Kh1 Kd7 22. Qe7+ Kc6 23. Qf6+ Kd7 24. Rd1+ Bd4 25. Rd3 Qg4 26. Qe7+ Kc6 27. Qf6+
Kd7 28. Rxd4+ exd4 29. Qxd4+ Ke8 30. Qxh8+ Kd7 31. Qg7+ Kc6 32. Bd5+ Kb6 33.
Be3+ c5 34. Qxb7# {Black checkmated} 1-0

[Event "Team 45 45 League T48"]
[Site "Internet Chess Club"]
[Date "2011.03.21"]
[Round "6"]
[White "LobowolfXXX"]
[Black "alexping"]
[Result "0-1"]
[WhiteElo "1895"]
[BlackElo "1934"]
[Opening "French: Tarrasch, closed variation"]
[ECO "C05"]
[Time "14:33:36"]
[TimeControl "2700+45"]

1. e4 e6 2. d4 d5 3. Nd2 Nf6 4. Ngf3 dxe4 5. Ne5 Qxd4 6. f4 Bc5 7. Qe2 e3 8. Nb3
Qb4+ 9. c3 Qb6 10. Qb5+ Qxb5 11. Bxb5+ c6 12. Bxc6+ Nxc6 13. Nxc6 Bd6 14. Ne5
Bxe5 15. fxe5 Ng4 16. Ke2 Nxe5 17. Bxe3 Nc4 18. Bc1 b6 19. Nd2 Ba6 20. Nxc4
Bxc4+ 21. Kf2 O-O-O 22. b3 Ba6 23. c4 Rd3 24. Ke2 Rhd8 25. Be3 Bb7 26. Rhg1 e5
27. g3 f5 28. Rgf1 Be4 29. Rac1 h6 30. Ra1 g5 31. Rg1 f4 32. gxf4 exf4 33. Bc1
Bf3+ 34. Kf2 Re8 35. Re1 Rxe1 36. Kxe1 Rd1+ 37. Kf2 g4 38. a4 a5 {White resigns}
0-1

[Event "Team 45 45 League T48"]
[Site "Internet Chess Club"]
[Date "2011.03.26"]
[Round "6"]
[White "Troparion"]
[Black "zap2"]
[Result "1-0"]
[WhiteElo "1784"]
[BlackElo "1801"]
[Opening "Philidor: Hanham variation"]
[ECO "B07"]
[Time "10:00:41"]
[TimeControl "2700+45"]

1. e4 d6 2. d4 e5 3. Nf3 Nd7 4. Bc4 Ngf6 5. Ng5 d5 6. exd5 h6 7. Nf3 exd4 8. O-O
Nb6 9. Re1+ Be7 10. Bb5+ Bd7 11. d6 cxd6 12. Bxd7+ Qxd7 13. Qxd4 Nc8 14. Nc3 O-O
15. h3 Qc6 16. Bf4 Qc5 17. Qd3 d5 18. Rad1 Rd8 19. Be5 Qc4 20. Bxf6 Qxd3 21.
Rxd3 Bxf6 22. Nxd5 Kf8 23. Nc7 Ne7 24. Nxa8 Rxa8 25. Rd7 Nc6 26. Rxb7 a5 27. c3
a4 28. Nd4 Nxd4 29. cxd4 Bxd4 30. Ree7 Kg8 31. Rxf7 Bxb2 32. Ra7 Rc8 33. Rfc7
Rf8 34. Rxa4 Bd4 35. Rxd4 Ra8 36. a4 Kf8 37. Rc3 Kf7 38. Ra3 Ra5 39. Rb4 Ke6 40.
Rb5 Ra6 41. a5 Kd7 42. Rb6 Ra7 43. a6 Kc7 44. Rb7+ Rxb7 45. axb7 Kxb7 46. Rc3
Kb6 47. Kh2 Kb7 48. Kg3 g6 49. Kf4 Kb6 50. Ke5 Kb5 51. Kf6 Kb4 52. Rc1 Kb3 53.
Kxg6 Kb2 54. Rc8 Kb3 55. Kxh6 Kb4 56. f4 Kb5 57. f5 Kb6 58. f6 Kb7 59. Rc1 Kb6
60. f7 Kb5 61. f8=Q Kb6 62. Qb8+ {Black resigns} 1-0

[Event "Team 45 45 League T48"]
[Site "Internet Chess Club"]
[Date "2011.03.22"]
[Round "6"]
[White "BrerRabbit"]
[Black "taldeital"]
[Result "0-1"]
[WhiteElo "1546"]
[BlackElo "1608"]
[Opening "English opening"]
[ECO "A10"]
[Time "14:02:45"]
[TimeControl "2700+45"]

1. c4 d5 2. cxd5 Qxd5 3. Nc3 Qd8 4. g3 c6 5. Bg2 Nf6 6. Nf3 Bg4 7. O-O e6 8. d3
Be7 9. Be3 Nbd7 10. Qc2 Bf5 11. Rfc1 O-O 12. Rab1 Ng4 13. Bd2 Qb6 14. Nd1 Bc5
15. Be1 Be7 16. h3 Nge5 17. Nxe5 Nxe5 18. Bd2 Rfd8 19. Qc3 Nd7 20. Ne3 Bg6 21.
Nc4 Qb5 22. a3 Qh5 23. Bf1 Bf6 24. Qb3 Rab8 25. Qc2 a6 26. Be3 Bg5 27. Bg2 Bxe3
28. Nxe3 Nf6 29. Qc5 Qxe2 30. Bf1 Qh5 31. Qc4 Nd5 32. Re1 Nxe3 33. fxe3 Qg5 34.
Kh2 Qf6 35. b4 Qf2+ 36. Kh1 Qxg3 37. Rb2 {White resigns} 0-1

[Event "Team 45 45 League T48"]
[Site "Internet Chess Club"]
[Date "2011.03.17"]
[Round "6"]
[White "TheEvilOverlord"]
[Black "Bible-Believer"]
[Result "1-0"]
[WhiteElo "1287"]
[BlackElo "1500"]
[Opening "Caro-Kann: classical, Spassky variation"]
[ECO "B19"]
[Time "14:00:23"]
[TimeControl "2700+45"]

1. e4 c6 2. d4 d5 3. Nc3 dxe4 4. Nxe4 Bf5 5. Ng3 Bg6 6. h4 h6 7. Nf3 Nd7 8. h5
Bh7 9. Bd3 Bxd3 10. Qxd3 e6 11. Bf4 Qa5+ 12. Bd2 Bb4 13. c3 Be7 14. c4 Qc7 15.
O-O-O Ngf6 16. Kb1 O-O 17. Qe2 Rfe8 18. Ne5 Nxe5 19. dxe5 Nd7 20. f4 Rad8 21.
Bc3 Nc5 22. Ne4 Rxd1+ 23. Rxd1 Rd8 24. Rxd8+ Qxd8 25. Nxc5 Bxc5 26. g4 Qh4 27.
Qg2 Be3 28. Qf3 Qf2 29. Qxf2 Bxf2 30. f5 exf5 31. gxf5 Kf8 32. Kc2 Be3 33. Kd3
Bg5 34. Ke4 g6 35. hxg6 h5 36. gxf7 Kxf7 37. e6+ Ke7 38. Bb4+ Ke8 39. Ke5 h4 40.
f6 Bxf6+ 41. Kxf6 h3 42. Bd6 c5 43. e7 a6 44. Bh2 b6 45. a4 a5 46. Ke6 b5 47.
cxb5 c4 48. b6 c3 49. b7 {Black resigns} 1-0

[Event "Team 45 45 League T48"]
[Site "Internet Chess Club"]
[Date "2011.03.19"]
[Round "6"]
[White "chesskix"]
[Black "dabodhi"]
[Result "1-0"]
[WhiteElo "1458"]
[BlackElo "1212"]
[Opening "English: symmetrical variation"]
[ECO "A34"]
[Time "20:00:24"]
[TimeControl "2700+45"]

1. c4 c5 2. Nc3 Nf6 3. g3 d5 4. cxd5 Nxd5 5. Bg2 e6 6. e4 Nxc3 7. bxc3 Nc6 8.
Ne2 e5 9. O-O Bg4 10. f3 Be6 11. Bb2 c4 12. a3 Qb6+ 13. Nd4 Qxb2 14. Nxe6 Qb6+
15. Kh1 fxe6 16. Rb1 Qc7 17. a4 Bc5 18. Bh3 Nd8 19. d4 Bd6 20. Qd2 O-O 21. d5
exd5 22. Qxd5+ Kh8 23. Kg2 Rb8 24. Rfd1 Nf7 25. Be6 b6 26. Bxf7 Rxf7 27. Qxd6
Qxd6 28. Rxd6 Rbf8 29. Rf1 h6 30. Re6 g5 31. Rxe5 Rd7 32. Rd5 Rdf7 33. Rd6 Kg7
34. e5 h5 35. e6 Rf6 36. Rd7+ Kg8 37. e7 h4 38. Rd8 h3+ 39. Kg1 Kf7 40. exf8=Q+
{Black resigns} 1-0

[Event "Team 45 45 League T48"]
[Site "Internet Chess Club"]
[Date "2011.03.22"]
[Round "6"]
[White "GiulioCre"]
[Black "bowwrestler"]
[Result "0-1"]
[WhiteElo "1268"]
[BlackElo "1271"]
[Opening "Queen's Indian defense"]
[ECO "A47"]
[Time "16:00:22"]
[TimeControl "2700+45"]

1. d4 Nf6 2. Nf3 b6 3. e3 Bb7 4. Bd3 d5 5. Nc3 e6 6. O-O Nbd7 7. Re1 Be7 8. e4
dxe4 9. Nxe4 O-O 10. Nxf6+ Bxf6 11. Be3 Rc8 12. Rb1 c5 13. dxc5 Nxc5 14. Bxc5
Rxc5 15. Qe2 Re8 16. Rbd1 Qc7 17. b4 Bxf3 18. Qxf3 Re5 19. Rxe5 Bxe5 20. Qh5 g6
21. Qh6 Rd8 22. g3 Qc3 23. Qd2 Qxd2 24. Rxd2 Bc3 25. Re2 Bxb4 26. Kg2 Kg7 27.
Re4 a5 28. a4 Rd5 29. Be2 Rd2 30. c4 Ra2 31. Bd1 Bc5 32. Re2 Ra1 33. Bb3 Rb1 34.
Bc2 Rb4 35. Re4 Kf6 36. Rf4+ Ke7 37. h4 f5 38. g4 fxg4 39. Rxg4 Rb2 40. Be4
Rxf2+ 41. Kg3 Re2 42. Kf4 Be3+ 43. Ke5 Rh2 44. Bd5 exd5 45. cxd5 Rd2 46. Re4 Bc5
47. Kf4+ Kd6 48. Re5 Rxd5 49. Rxd5+ Kxd5 50. Kg5 Be3+ 51. Kf6 Bf2 52. Kg5 Kc4
{White resigns} 0-1

[Event "Team 45 45 League T48"]
[Site "Internet Chess Club"]
[Date "2011.03.21"]
[Round "6"]
[White "BaumDeezy"]
[Black "dscvdchk"]
[Result "1-0"]
[WhiteElo "1492"]
[BlackElo "1436"]
[Opening "English opening"]
[ECO "A20"]
[Time "12:24:32"]
[TimeControl "2700+45"]

1. c4 e5 2. g3 Nf6 3. Bg2 d5 4. cxd5 Nxd5 5. Nc3 Nb6 6. Nf3 Nc6 7. O-O Be7 8. a3
O-O 9. b4 a6 10. Bb2 Nc4 11. Bc1 Be6 12. d3 Nb6 13. Bb2 Bf6 14. Ne4 Nd5 15. Rc1
Rc8 16. Nc5 Rb8 17. Nxb7 Rxb7 18. Rxc6 a5 19. Bxe5 Bxe5 20. Nxe5 axb4 21. axb4
Rxb4 22. Qd2 Rb6 23. Rfc1 Rxc6 24. Nxc6 Qd6 25. Qa5 Nb6 26. Qc5 Re8 27. Qxd6
cxd6 28. Nd4 Bd7 29. Rc7 Rd8 30. Nc6 Re8 31. e3 Be6 32. Rb7 Nd7 33. d4 Nf6 34.
Rb8 Rxb8 35. Nxb8 Kf8 36. Na6 Bc4 37. Bf1 Bd5 38. Bg2 Bc4 39. Bf1 Bd5 40. Nc7
Bc6 41. Bg2 Bd7 42. Nd5 Ng8 43. f4 f5 44. Kf2 Nh6 45. h3 Kf7 46. Nb6 Be6 47. Bd5
Bxd5 48. Nxd5 Ke6 49. Nc3 d5 50. Kf3 g6 51. g4 fxg4+ 52. hxg4 Kd6 53. Kg3 Ke6
54. Kh4 Nf7 55. Kh3 Kd6 56. Kh4 Ke6 57. Nb5 Kd7 58. f5 Kc6 59. Nc3 Kd6 60. fxg6
hxg6 61. g5 Nd8 62. Kg4 Ne6 63. Ne2 Ke7 64. Nf4 Nxf4 65. Kxf4 Ke6 66. e4 dxe4
67. Kxe4 Kd6 68. d5 Kd7 69. Ke5 Ke7 70. d6+ {Black resigns} 1-0

[Event "Team 45 45 League T48"]
[Site "Internet Chess Club"]
[Date "2011.03.17"]
[Round "6"]
[White "Lyko"]
[Black "JohLeb"]
[Result "0-1"]
[WhiteElo "1350"]
[BlackElo "1456"]
[Opening "Sicilian"]
[ECO "B56"]
[Time "15:00:27"]
[TimeControl "2700+45"]

1. e4 c5 2. Nf3 d6 3. d4 cxd4 4. Nxd4 Nf6 5. Nc3 e5 6. Nf5 Bxf5 7. exf5 a6 8.
Bc4 b5 9. Bb3 Nc6 10. O-O Nd4 11. Nd5 Rc8 12. Nxf6+ Qxf6 13. g4 a5 14. Bd5 Nxc2
15. Rb1 Be7 16. Qf3 Nd4 17. Qe4 O-O 18. b3 Qh4 19. Bb2 Bg5 20. Bxd4 Bf4 21. Qg2
exd4 22. Rbd1 Rc3 23. Rxd4 Be5 24. Re4 Rh3 25. f4 Rd3 26. fxe5 Rxd5 27. g5 Qh5
28. e6 fxe6 29. fxe6 Rxg5 30. Rxf8+ Kxf8 31. e7+ Ke8 {White resigns} 0-1

[Event "Team 45 45 League T48"]
[Site "Internet Chess Club"]
[Date "2011.03.19"]
[Round "6"]
[White "witchfynder"]
[Black "matthewc"]
[Result "0-1"]
[WhiteElo "1351"]
[BlackElo "1451"]
[Opening "Queen's gambit declined"]
[ECO "D30"]
[Time "17:02:29"]
[TimeControl "2700+45"]

1. d4 d5 2. c4 e6 3. e3 Nf6 4. Be2 c6 5. a3 b6 6. Nf3 Bb7 7. O-O Bd6 8. b4 Nbd7
9. c5 bxc5 10. bxc5 Bc7 11. Nc3 Qb8 12. h3 h5 13. Rb1 Ng4 14. Rxb7 Qxb7 15. hxg4
hxg4 16. Ne5 Nxe5 17. dxe5 Bxe5 18. g3 Bxc3 19. Bd2 Bxd2 20. Qxd2 Qc7 21. Bxg4
O-O-O 22. Kg2 f5 23. Be2 e5 24. Rb1 Rh6 25. g4 e4 26. f4 exf3+ 27. Kxf3 fxg4+
28. Kxg4 Qd7+ 29. Kf4 Rf8+ 30. Kg3 Rh3+ 31. Kg2 Qf5 32. Ba6+ Kc7 33. Qa5+ Kd7
34. Rb7+ Ke8 35. Rb8+ Kf7 36. Qc7+ Kg8 37. Rxf8+ Kxf8 38. Qc8+ Kf7 39. Qc7+ Kg6
40. Bd3 Qxd3 41. Kxh3 Qxe3+ 42. Qg3+ Qxg3+ 43. Kxg3 Kf5 44. Kf3 g5 45. Kg3 d4
46. Kf3 g4+ 47. Kf2 Kf4 48. Ke2 g3 49. Kf1 Kf3 50. Kg1 d3 {White resigns} 0-1

[Event "Team 45 45 League T48"]
[Site "Internet Chess Club"]
[Date "2011.03.17"]
[Round "6"]
[White "PsyMar"]
[Black "Aquaman"]
[Result "1-0"]
[WhiteElo "1305"]
[BlackElo "1331"]
[Opening "QP counter-gambit: Maroczy gambit"]
[ECO "C40"]
[Time "15:03:28"]
[TimeControl "2700+45"]

1. e4 e5 2. Nf3 d5 3. exd5 Bd6 4. d4 e4 5. Ne5 Nf6 6. c4 O-O 7. c5 Bxe5 8. dxe5
Nxd5 9. Bc4 c6 10. O-O Nd7 11. Bxd5 cxd5 12. Qxd5 Re8 13. Re1 Rxe5 14. Qd6 Rxc5
15. Nc3 Re5 16. Nxe4 Qa5 17. Bd2 Qd5 18. Qxd5 Rxd5 19. Bb4 a5 20. Ba3 b5 21. Nc3
Re5 22. Nxb5 Ba6 23. Nc7 Ra7 24. Nxa6 Rxa6 25. Rxe5 Nxe5 26. Re1 f6 27. f4 Ng6
28. Re8+ Kf7 29. Re4 Rc6 30. g3 Rc1+ 31. Kf2 Rc2+ 32. Re2 Rc6 33. h4 h5 34. Rd2
Ke6 35. Ke3 f5 36. Rd8 Kf7 37. Rd7+ Kg8 38. Rd6 Rxd6 39. Bxd6 Kf7 40. b4 axb4
41. Bxb4 Ke6 42. a4 Kd7 43. Kd4 Kc6 44. Bc5 Nh8 45. Bf8 g6 46. Ke5 Kd7 47. Kf6
Ke8 48. Bg7 Nf7 49. Kxg6 Nd6 50. Kxh5 Kf7 51. Be5 Ne4 52. g4 Ng3+ 53. Kg5 fxg4
54. Kxg4 Ke6 55. Kxg3 {Black resigns} 1-0

[Event "Team 45 45 League T48"]
[Site "Internet Chess Club"]
[Date "2011.03.20"]
[Round "6"]
[White "check-man"]
[Black "DarkFlow"]
[Result "0-1"]
[WhiteElo "1717"]
[BlackElo "1963"]
[Opening "English, 1...Nf6 (Anglo-Indian defense)"]
[ECO "A15"]
[Time "11:00:40"]
[TimeControl "2700+45"]

1. c4 Nf6 2. g3 g6 3. Bg2 Bg7 4. Nf3 O-O 5. O-O d6 6. Nc3 e5 7. a3 Nc6 8. d3 Bg4
9. Rb1 Qd7 10. b4 a6 11. a4 Kh8 12. Bd2 Nd4 13. Nxd4 exd4 14. Ne4 Nxe4 15. Bxe4
Rab8 16. b5 axb5 17. Rxb5 Rfe8 18. Re1 c6 19. Rb6 Ra8 20. a5 Ra7 21. Bf3 Bxf3
22. exf3 Rxe1+ 23. Qxe1 h6 24. Qe4 Kg8 25. Kg2 Ra8 26. Qe1 Ra7 27. Qe4 h5 28. h4
f5 29. Qe1 Be5 30. f4 Bf6 31. f3 Bd8 32. Rb2 c5 33. Ra2 b5 34. cxb5 Qxb5 35.
Qe6+ Kg7 36. Qxd6 Be7 37. Qe5+ Bf6 38. Qd5 Qxd3 39. Qxc5 Qe2+ 40. Kg1 Re7 41.
Qd5 Qd1+ 42. Be1 Rxe1+ 43. Kg2 Rg1+ {White resigns} 0-1

[Event "Team 45 45 League T48"]
[Site "Internet Chess Club"]
[Date "2011.03.20"]
[Round "6"]
[White "Grenadier"]
[Black "rook9999"]
[Result "1-0"]
[WhiteElo "1809"]
[BlackElo "1744"]
[Opening "Sicilian: closed"]
[ECO "B24"]
[Time "20:00:29"]
[TimeControl "2700+45"]

1. e4 c5 2. Nc3 Nc6 3. g3 d6 4. Bg2 e6 5. d3 Be7 6. f4 a6 7. Nf3 Qc7 8. O-O Nf6
9. b3 O-O 10. Bb2 e5 11. fxe5 dxe5 12. Bc1 h6 13. Be3 Nd4 14. Qd2 Ng4 15. Nd5
Qd6 16. Nxd4 cxd4 17. Bf2 Nxf2 18. Nxe7+ Qxe7 19. Rxf2 Be6 20. a4 b6 21. Bf3
Rac8 22. Qe2 Rc3 23. Bg4 Bxg4 24. Qxg4 Rfc8 25. Rc1 Qa3 26. Rcf1 Rxc2 27. Rxf7
g5 28. Qf5 Rg2+ 29. Kxg2 Rc2+ 30. Kg1 {Black resigns} 1-0

[Event "Team 45 45 League T48"]
[Site "Internet Chess Club"]
[Date "2011.03.21"]
[Round "6"]
[White "mmf00"]
[Black "GoIrish"]
[Result "1/2-1/2"]
[WhiteElo "1839"]
[BlackElo "1541"]
[Opening "Alekhine's defense: Scandinavian variation"]
[ECO "B02"]
[Time "20:01:21"]
[TimeControl "2700+45"]

1. e4 Nf6 2. Nc3 d5 3. exd5 Nxd5 4. Bc4 c6 5. Nf3 Bg4 6. h3 Bh5 7. O-O e6 8. d4
Bd6 9. Nxd5 cxd5 10. Be2 Nc6 11. c3 O-O 12. Be3 Rc8 13. Nd2 Bxe2 14. Qxe2 Ne7
15. Rae1 Qd7 16. Nf3 b5 17. Ne5 Bxe5 18. dxe5 Nf5 19. f4 Ng3 20. Qg4 Nxf1 21.
Rxf1 Rc4 22. h4 Qe7 23. h5 f5 24. exf6 Qxf6 25. Qg3 Qf5 26. Bd4 Rc7 27. h6 g6
28. Be5 Rcf7 29. Qe3 Qc2 30. Qh3 Qf5 31. Qe3 Qc2 32. Qh3 {Game drawn by mutual
agreement} 1/2-1/2

[Event "Team 45 45 League T48"]
[Site "Internet Chess Club"]
[Date "2011.03.19"]
[Round "6"]
[White "Esslinger"]
[Black "Mymas"]
[Result "1/2-1/2"]
[WhiteElo "1366"]
[BlackElo "1452"]
[Opening "QGD: 4.Bg5 Be7"]
[ECO "D53"]
[Time "11:03:48"]
[TimeControl "2700+45"]

1. d4 d5 2. c4 e6 3. Nc3 Nf6 4. Bg5 Be7 5. e3 b6 6. Nf3 O-O 7. Be2 Bb7 8. O-O
dxc4 9. Bxc4 Nbd7 10. Rc1 h6 11. Bh4 Ne4 12. Bxe7 Qxe7 13. Nxe4 Bxe4 14. Bd3
Bxd3 15. Qxd3 Nf6 16. a3 Rfc8 17. Rc6 a5 18. Rfc1 Ra7 19. Rxb6 Nd5 20. Rbc6 Rb7
21. Qa6 Rcb8 22. Qxa5 Rxb2 23. h3 Ra2 24. Qa7 Rbb2 25. Rf1 Rxa3 26. Qc5 Qxc5 27.
Rxc5 Rab3 28. Rfc1 Ra2 29. R5c2 Rxc2 30. Rxc2 Rb1+ 31. Kh2 Rb7 {Game drawn by
mutual agreement} 1/2-1/2

[Event "Team 45 45 League T48"]
[Site "Internet Chess Club"]
[Date "2011.03.21"]
[Round "6"]
[White "zepled37"]
[Black "SugarIslander"]
[Result "0-1"]
[WhiteElo "1627"]
[BlackElo "1654"]
[Opening "Caro-Kann: advance variation"]
[ECO "B12"]
[Time "18:07:36"]
[TimeControl "2700+45"]

1. e4 c6 2. d4 d5 3. e5 Bf5 4. Nc3 e6 5. g4 Bg6 6. Nge2 c5 7. h4 h6 8. Be3 c4 9.
h5 Bh7 10. f4 Be7 11. Qd2 Bh4+ 12. Kd1 Be7 13. Bh3 Nc6 14. f5 Bg5 15. fxe6 fxe6
16. Bxg5 hxg5 17. Nb5 Nh6 18. Nd6+ Kd7 19. Nxb7 Qe7 20. Nc5+ Kc8 21. Nc3 Rb8 22.
b3 Rf8 23. Ke2 Bxc2 24. Nxe6 Qxe6 25. bxc4 dxc4 26. Qxg5 Nxd4+ 27. Ke3 Ndf5+ 28.
gxf5 Qxe5+ 29. Kd2 Bxf5 30. Bxf5+ Rxf5 31. Qg1 Rb2+ 32. Kd1 Qxc3 33. Rh2 Rxh2
34. Qxh2 Qxa1+ 35. Kc2 Qxa2+ {White resigns} 0-1

[Event "Team 45 45 League T48"]
[Site "Internet Chess Club"]
[Date "2011.03.20"]
[Round "6"]
[White "oldsj"]
[Black "bmw2002"]
[Result "0-1"]
[WhiteElo "1583"]
[BlackElo "1600"]
[Opening "Caro-Kann: Panov-Botvinnik attack"]
[ECO "B13"]
[Time "12:03:21"]
[TimeControl "2700+45"]

1. e4 c6 2. d4 d5 3. exd5 cxd5 4. c4 Nf6 5. Nc3 Bf5 6. Qb3 Nc6 7. cxd5 Na5 8.
Bb5+ Bd7 9. Qa4 a6 10. Bxd7+ Nxd7 11. Nf3 b5 12. Qd1 Nf6 13. O-O Nxd5 14. Bg5 f6
15. Bh4 Nxc3 16. bxc3 Nc4 17. a4 Qd5 18. axb5 Qxb5 19. Re1 Kf7 20. Qe2 Qd5 21.
Bg3 e6 22. Nd2 Na3 23. Ne4 Nc4 24. Rab1 Be7 25. Nd2 Nxd2 26. Qxd2 Rhc8 27. Rb6
Rc6 28. Rxc6 Qxc6 29. Qa2 a5 30. c4 a4 31. c5 Qd5 32. Qxd5 exd5 33. Bc7 a3 34.
Ra1 a2 35. Bf4 Ra3 36. c6 Rb3 37. Rf1 Rb1 38. c7 a1=Q {White resigns} 0-1

[Event "Team 45 45 League T48"]
[Site "Internet Chess Club"]
[Date "2011.03.20"]
[Round "6"]
[White "BrerRabbit"]
[Black "Warpdrive"]
[Result "0-1"]
[WhiteElo "1561"]
[BlackElo "1624"]
[Opening "English: Neo-Catalan declined"]
[ECO "A14"]
[Time "19:03:22"]
[TimeControl "2700+45"]

1. c4 Nf6 2. g3 e6 3. Bg2 d5 4. Nf3 Be7 5. O-O O-O 6. b3 c5 7. Bb2 Nc6 8. e3
dxc4 9. bxc4 Qd3 10. Nc3 Qxc4 11. Qe2 Qxe2 12. Nxe2 Bd7 13. Nc3 Rac8 14. Rfc1
Nb4 15. Ne5 Bc6 16. Nxc6 Nxc6 17. Rab1 b6 18. Nb5 a6 19. Na3 b5 20. Nc2 Rfd8 21.
d4 cxd4 22. Nxd4 Nxd4 23. Bxd4 Ba3 24. Rc6 Rxc6 25. Bxc6 Rc8 26. Bb7 Rc1+ 27.
Rxc1 Bxc1 28. Bxa6 b4 29. Bb7 Nd5 30. Bxd5 exd5 31. Bc5 Ba3 32. Kf1 f5 33. Ke2
Kf7 34. Kd3 Ke6 35. Kc2 b3+ 36. Kxb3 Bxc5 37. Ka4 d4 38. exd4 Bxd4 39. f3 g5 40.
Kb5 g4 41. f4 Bg1 42. a4 Bxh2 43. a5 Bxg3 44. a6 Bf2 45. Kc6 g3 {White resigns}
0-1

[Event "Team 45 45 League T48"]
[Site "Internet Chess Club"]
[Date "2011.03.19"]
[Round "6"]
[White "rom1"]
[Black "SpeedBlade"]
[Result "1-0"]
[WhiteElo "1565"]
[BlackElo "1404"]
[Opening "QGD: Chigorin defense"]
[ECO "D07"]
[Time "11:00:49"]
[TimeControl "2700+45"]

1. d4 d5 2. c4 Nc6 3. Nf3 Bg4 4. e3 e6 5. Be2 Nf6 6. cxd5 exd5 7. Nc3 Bb4 8. a3
Bxc3+ 9. bxc3 Ne4 10. Qc2 O-O 11. O-O a6 12. h3 Bxf3 13. Bxf3 f5 14. a4 Na5 15.
Ba3 Rf6 16. Rfc1 Nc4 17. Be2 Nxa3 18. Rxa3 Rg6 19. Bd3 Qg5 20. Bxe4 fxe4 21. g3
Rf8 22. Qe2 Rf3 23. Ra2 h5 24. Kh2 Rgf6 25. Rf1 Qf5 26. c4 c6 27. Rb2 Qd7 28.
Qc2 Qc7 29. cxd5 h4 30. Qxe4 hxg3+ 31. Kg2 gxf2 32. Qe8+ Rf8 33. Qe6+ Kh7 34. d6
Qd8 35. Qe4+ Kg8 36. Rbxf2 Qg5+ 37. Qg4 Rxf2+ 38. Rxf2 Qd5+ 39. Kg1 Rxf2 40.
Kxf2 Qxd6 41. Qc8+ Qf8+ 42. Qxf8+ Kxf8 43. Kf3 Kf7 44. Kf4 Ke6 45. e4 b5 46.
axb5 axb5 47. h4 b4 48. Ke3 b3 49. Kd3 b2 50. Kc2 b1=Q+ 51. Kxb1 Kf6 52. Kc2 g5
53. hxg5+ Kxg5 54. Kd3 Kf4 55. e5 Kf5 56. Kc4 Ke6 57. Kc5 Kd7 58. Kb6 Ke7 59.
Kxc6 Ke6 60. Kc5 Ke7 61. d5 Kd7 62. e6+ Kc7 63. d6+ Kd8 64. Kc6 Ke8 65. Kc7
{Black resigns} 1-0

[Event "Team 45 45 League T48"]
[Site "Internet Chess Club"]
[Date "2011.03.20"]
[Round "6"]
[White "Boromir"]
[Black "MtzKid"]
[Result "1/2-1/2"]
[WhiteElo "1923"]
[BlackElo "1663"]
[Opening "Dutch defense, Rubinstein variation"]
[ECO "A13"]
[Time "17:00:20"]
[TimeControl "2700+45"]

1. c4 e6 2. d4 f5 3. Nc3 d5 4. e3 Nf6 5. Nf3 c6 6. Bd3 Be7 7. O-O O-O 8. a3 Ne4
9. Qc2 a5 10. Ne5 Nd7 11. Nxd7 Bxd7 12. c5 Nxc3 13. Qxc3 b6 14. b4 b5 15. Bd2 a4
16. f3 Be8 17. Qc2 Bg5 18. Rae1 Ra7 19. f4 Bf6 20. Be2 g5 21. Bc3 g4 22. Ra1 h5
23. Bd3 Rg7 24. Ra2 h4 25. Be2 Bh5 26. Bd1 Qe8 27. Be1 g3 28. h3 Bxd1 {Game
drawn by mutual agreement} 1/2-1/2

[Event "Team 45 45 League T48"]
[Site "Internet Chess Club"]
[Date "2011.03.21"]
[Round "6"]
[White "Magagna"]
[Black "subterfuge"]
[Result "1-0"]
[WhiteElo "1892"]
[BlackElo "1786"]
[Opening "Réti: King's Indian attack (Barcza system)"]
[ECO "A07"]
[Time "17:42:57"]
[TimeControl "2700+45"]

1. Nf3 d5 2. g3 Nf6 3. Bg2 Bg4 4. d3 Nbd7 5. c4 e6 6. Nc3 c6 7. O-O Bd6 8. a3 a5
9. Re1 O-O 10. Nd2 d4 11. Nce4 Nxe4 12. Nxe4 Bc7 13. Qa4 f5 14. Nd2 f4 15. Ne4
fxg3 16. fxg3 Qe8 17. Qc2 h5 18. Bg5 Qg6 19. Rf1 Bf5 20. Bh4 Ne5 21. e3 Ng4 22.
exd4 Ne3 23. Qe2 Nxf1 24. Rxf1 Bd8 25. Bxd8 Raxd8 26. Bf3 h4 27. Bh5 Qh6 28. Nc5
hxg3 29. hxg3 Rf6 30. g4 Rxd4 31. gxf5 Qg5+ 32. Kf2 Qh4+ 33. Ke3 exf5 34. Kd2
Qg5+ 35. Kc3 Rh4 36. Qe8+ Kh7 37. Bf7 Rxf7 38. Qxf7 f4 39. Ne6 Qe5+ 40. Nd4 Kh8
41. Qf8+ Kh7 42. Qf5+ Qxf5 43. Nxf5 g5 44. Nxh4 {Black resigns} 1-0

[Event "Team 45 45 League T48"]
[Site "Internet Chess Club"]
[Date "2011.03.17"]
[Round "6"]
[White "noblitz-oblige"]
[Black "gerailen0075"]
[Result "1-0"]
[WhiteElo "1743"]
[BlackElo "2000"]
[Opening "French: exchange variation"]
[ECO "C01"]
[Time "20:01:35"]
[TimeControl "2700+45"]

1. e4 e6 2. d4 d5 3. exd5 exd5 4. Nf3 Bg4 5. Be2 Bd6 6. Nc3 Ne7 7. h3 Bh5 8. O-O
Nbc6 9. Re1 Qd7 10. Bb5 O-O 11. Qd3 Bxf3 12. Qxf3 Nxd4 13. Bxd7 Nxf3+ 14. gxf3
{Black resigns} 1-0